 Seeded DCSS version 0.31-a0-840-g6d2ecbb638 (webtiles) character file.

Game seed: 4650116273386822121 (custom seed)

26621 qw the Marksgargoyle (level 13, -11/84 HPs)
             Began as a Gargoyle Hunter on Sept 27, 2023.
             Was a High Priest of Okawaru.
             Killed from afar by an acid dragon (30 damage)
             ... with a splash of acid
             ... in a Gauntlet.
             The game lasted 00:08:01 (12080 turns).

qw the Marksgargoyle (Gargoyle Hunter)             Turns: 12080, Time: 00:08:01

Health: -11/84     AC: 21    Str: 15    XL:     13   Next: 27%
Magic:  20/20      EV: 18    Int: 14    God:    Okawaru [*****.]
Gold:   702        SH:  0    Dex: 17    Spells: 12/12 levels left

rFire   . . .        Y - +1 arbalest
rCold   . . .        (shield currently unavailable)
rNeg    + . .        o - +4 ring mail "Vamapno" {rElec Int+3 Slay+3}
rPois   inf          e - +1 hat
rElec   +            p - +2 cloak
rCorr   .            r - +1 pair of gloves
SInv    .            i - +2 pair of boots
Will    .....        j - amulet of regeneration
Stlth   +            f - +5 ring of evasion
HPRegen 1.14/turn    (no ring)
MPRegen 0.17/turn

%: no teleportation
@: corroded
A: sickness immunity, AC +9, negative energy resistance 1, electricity
resistance, torment resistance 1, petrification resistance
a: Renounce Religion, Heroism, Finesse, Duel


You were in a Gauntlet.
You worshipped Okawaru.
Okawaru was extremely pleased with you.
You visited 3 branches of the dungeon, and saw 16 of its levels.
You also visited: Gauntlet.

You collected 954 gold pieces.
You spent 252 gold pieces at shops.


Innate Abilities, Weirdness & Mutations

You are immune to sickness and miasma.
Your stone body is resilient. (AC +9)
You are immune to poison.
You resist negative energy. (rN+)
You are resistant to electric shocks. (rElec)
You are resistant to unholy torment.
You are immune to petrification.


   Skills:
 - Level 11.0 Fighting
 + Level 16.0 Ranged Weapons
 - Level 6.3 Armour
 - Level 5.0 Dodging
 - Level 1.1 Stealth
 - Level 10.0 Invocations


You had 12 spell levels left.
You didn't know any spells.
Your spell library was empty.

Inventory:

Hand Weapons
 Y - a +1 arbalest (weapon)
Armour
 e - a +1 hat (worn)
 i - a +2 pair of boots (worn)
 o - the +4 ring mail "Vamapno" (worn) {rElec Int+3 Slay+3}
   (You found it on level 11 of the Dungeon)

   Int+3:     It affects your intelligence (+3).
   Slay+3:    It affects your accuracy & damage with ranged weapons and melee
   (+3).
   rElec:     It insulates you from electricity.
 p - a +2 cloak (worn)
 r - a +1 pair of gloves (worn)
Jewellery
 f - a +5 ring of evasion (left hand)
 j - an amulet of regeneration (around neck)
Scrolls
 k - 5 scrolls of identify
 q - a scroll of teleportation
Potions
 a - 3 potions of enlightenment
 b - 2 potions of haste
 c - 4 potions of might
 h - a potion of cancellation
 n - a potion of magic
 s - 3 potions of curing

Dungeon Overview and Level Annotations

Branches:
Dungeon (11/15)            Temple (1/1) D:4            Lair (4/5) D:11
 Shoals (0/4) Lair:3        Snake (0/4) Lair:3          Orc (0/2) D:11
Gauntlet (1/1)
  Slime: Lair:4-5

Altars:
Ashenzari
Cheibriados
Dithmenos
Elyvilon
Fedhas
Gozag
Hepliaklqana
Kikubaaqudgha
Makhleb
Nemelex Xobeh
Okawaru
Qazlal
Ru
Sif Muna
Trog
Uskayaw
Vehumet
Wu Jian
Xom
Yredelemnul
Zin
The Shining One

Shops:
D:2 (   D:8 ?

Portals:
Volcano: Lair:3

Annotations:
D:8 4 runed translucent doors, qwqw's ghost, novice DsBe
D:11 2 transporters Gauntlet 11 transporters


Message History

You shoot a bolt. The bolt hits the acid dragon.
The acid dragon is moderately wounded.
The acid dragon bites you but does no damage.
The acid dragon misses you.
You shoot a bolt. The bolt hits the acid dragon.
The acid dragon is moderately wounded.
The acid dragon spits acid at you. The splash of acid hits you!
You shoot a bolt. The bolt hits the acid dragon.
The acid dragon is heavily wounded.
The acid dragon barely misses you. x2
You shoot a bolt. The bolt hits the acid dragon.
The acid dragon is heavily wounded.
The acid dragon completely misses you.
The acid dragon claws you but does no damage.
The acid dragon bites you but does no damage.
The acid dragon misses you.
You shoot a bolt. The bolt hits the acid dragon.
The acid dragon is severely wounded.
The acid dragon completely misses you.
The acid dragon claws you but does no damage.
You shoot a bolt.
The bolt hits the acid dragon but does no damage.
The acid dragon is severely wounded.
The acid dragon spits acid at you. The splash of acid hits you!!
You shoot a bolt.
The bolt closely misses the acid dragon.
The acid dragon bites you but does no damage.
The acid dragon misses you.
You shoot a bolt.
The bolt closely misses the acid dragon.
The acid dragon closely misses you. x2
You shoot a bolt. The bolt hits the acid dragon!
The acid dragon is almost dead.
The acid dragon completely misses you.
The acid dragon claws you but does no damage.
The acid dragon spits acid at you. The splash of acid hits you!!
You die...

........................###
########...###########..#8#
..#..WW#.8.#.........#..###
#..#..W#...#.##.##.#.#..#
.#..#.W#####=#..#....#..###
..#..#.#...#.#.##.##.#..#8#
#..#^.##^.^#^P.#^.#..#^.###
..#..#.#...#..##.##..#..#
.#.P#..#####(.#.@#...#..###
#.P#...#...#.##D##.#.#..#8#
W.#....#...#D........#..###
########...###########..#
.........~.............ยค###
........~8~........\...\#8#
.........~.............~###
########...###########..#
.......#...#355#.#.55#..###


You could see an acid dragon (catching breath).

Vanquished Creatures
  Gastronok (D:10)
  A hydra (Lair:1)
  Harold (D:10)
  A two-headed ogre (D:10)
  Erica (D:10)
  Amaemon (D:10)
  A fire crab (shapeshifter) (D:11)
  A goliath frog (D:11)
  A cyclops (D:9)
  2 ugly things (D:11)
  4 elephants (Lair:3)
  A black mamba (Lair:4)
  2 gargoyles
  4 cane toads
  An orange demon (D:10)
  An unseen horror (D:11)
  A komodo dragon (Lair:1)
  2 rime drakes (Lair:3)
  3 burning bushes (Lair:2)
  A polar bear (Lair:2)
  6 trolls
  8 blink frogs (Lair:2)
  A wind drake (D:10)
  3 hornets
  Prince Ribbit (D:5)
  A wraith (D:11)
  A shadow (D:9)
  2 basilisks
  6 wyverns
  19 yaks
  A golden eye (D:10)
  4 vampire mosquitoes (D:11)
  Menkaure (D:6)
  A steam dragon (D:9)
  3 nagas (Lair:3)
  3 acid dragons
  6 water moccasins
  2 black bears
  2 orc warriors
  2 sky beasts
  6 ogres
  5 centaurs
  5 kobold brigands
  8 bullfrogs
  A gnoll sergeant (D:7)
  4 scorpions
  14 wights
  3 killer bees (D:4)
  16 electric eels
  4 hounds
  A gnoll bouda (D:8)
  6 orc priests
  A sleepcap (D:4)
  4 iguanas
  9 orc wizards
  14 gnolls
  A river rat (D:3)
  6 adders
  A shadow imp (D:5)
  A white imp (D:6)
  3 worms
  3 dart slugs
  32 orcs
  11 endoplasms
  4 giant cockroaches
  5 goblins
  5 hobgoblins
  24 kobolds
  6 quokkas
  8 ball pythons
  5 bats
  2 frilled lizards
  3 rats
325 creatures vanquished.

Notes
Turn   | Place    | Note
-------+----------+-------------------------------------------
     0 | D:1      | qw the Gargoyle Hunter began the quest for the Orb.
     0 | D:1      | Reached XP level 1. HP: 12/12 MP: 1/1
     0 | D:1      | 0 ||| qw: Version: 0.3-a-94-gd316f97
     0 | D:1      | 0 ||| qw: Game counter: 38
     0 | D:1      | 0 ||| qw: Melee chars always use a shield: true
     0 | D:1      | 0 ||| qw: God list: Okawaru
     0 | D:1      | 0 ||| qw: Allow faded altars: false
     0 | D:1      | 0 ||| qw: Do Orc after clearing Dungeon:15 true
     0 | D:1      | 0 ||| qw: Do second Lair branch before Depths: true
     0 | D:1      | 0 ||| qw: Lair rune preference: random
     0 | D:1      | 0 ||| qw: Goals: Normal
     0 | D:1      | 0 ||| PLANNING D:1-11
    64 | D:1      | Reached XP level 2. HP: 17/17 MP: 2/2
   233 | D:1      | Reached XP level 3. HP: 21/21 MP: 3/3
   255 | D:1      | Reached skill level 5 in Ranged Weapons
   315 | D:1      | You fall into a shaft and drop 1 floor!
   337 | D:2      | Found a shadowy altar of Dithmenos.
   509 | D:2      | 509 ||| UPGRADING to amulet of regeneration.
   514 | D:2      | 514 ||| UPGRADING to +5 ring of evasion.
   515 | D:2      | 515 ||| READING scroll labelled LAEHI BEGGOAT.
   516 | D:2      | 516 ||| READING scroll labelled VOLOR SAGATOHE.
   517 | D:2      | 517 ||| READING 2 scrolls labelled CINGURYQO.
   518 | D:2      | 518 ||| READING scroll labelled LOUXEU DEVVOUQ.
   525 | D:2      | 525 ||| READING scroll labelled CYDAUWIASM.
   526 | D:2      | 526 ||| DROPPING scroll of butterflies.
   527 | D:2      | 527 ||| Stepping randomly (stuck).
   528 | D:2      | 528 ||| Stepping randomly (stuck).
   625 | D:1      | Reached skill level 3 in Fighting
   853 | D:1      | 853 ||| READING scroll labelled MYUHAFU AG VUH.
  1182 | D:2      | Found Likharch's Antique Weapon Boutique.
  1284 | D:2      | 1284 ||| UPGRADING to +0 ring mail.
  1294 | D:2      | 1294 ||| DROPPING +0 leather armour.
  1295 | D:2      | 1295 ||| DRINKING 2 smoky green potions.
  1302 | D:3      | 1302 ||| PLANNING SEWER
  1339 | D:3      | Reached skill level 1 in Armour
  1339 | D:3      | Reached XP level 4. HP: 28/28 MP: 4/4
  1500 | D:3      | Reached XP level 5. HP: 32/32 MP: 5/5
  1880 | D:3      | Found a hazy altar of Hepliaklqana.
  2025 | D:3      | 2025 ||| RIP SEWER
  2105 | D:3      | 2105 ||| PLANNING D:1-11
  2105 | D:3      | 2105 ||| UPGRADING to +0 robe of fire resistance.
  2115 | D:3      | 2115 ||| DROPPING ring of wizardry.
  2116 | D:3      | 2116 ||| READING scroll labelled WITHROGRE SESOO.
  2117 | D:3      | 2117 ||| READING scroll labelled MAD CUJOEROMMYL.
  2118 | D:3      | 2118 ||| DRINKING 2 metallic coppery potions.
  2119 | D:3      | 2119 ||| READING 2 scrolls of identify.
  2119 | D:3      | 2119 ||| IDENTIFYING green potion
  2120 | D:3      | 2120 ||| DROPPING potion of ambrosia.
  2134 | D:4      | Noticed an ogre
  2148 | D:4      | Killed an ogre
  2149 | D:4      | Reached skill level 6 in Ranged Weapons
  2417 | D:4      | HP: 5/32 [something/magic dart (7)]
  2417 | D:4      | HP: 1/32 [orc/+0 mace (4)]
  2418 | D:4      | 2418 ||| DRINKING potion of heal wounds.
  2427 | D:4      | Reached XP level 6. HP: 20/38 MP: 6/6
  2452 | D:4      | Found a staircase to the Ecumenical Temple.
  2454 | D:4      | 2454 ||| PLANNING TEMPLE
  2454 | D:4      | 2454 ||| READING 2 scrolls labelled HEINAA XETHREG.
  2455 | D:4      | 2455 ||| READING scroll of enchant weapon.
  2455 | D:4      | 2455 ||| ENCHANTING +0 heavy shortbow.
  2456 | D:4      | 2456 ||| READING scroll labelled ZIS BOID SELUARCHY.
  2565 | Temple   | Entered the Ecumenical Temple
  2566 | Temple   | 2566 ||| PLANNING OKAWARU WORSHIP
  2574 | Temple   | Became a worshipper of Warmaster Okawaru
  2575 | Temple   | 2575 ||| PLANNING D:1-11
  2669 | D:4      | 2669 ||| RETREEAATING.
  2682 | D:4      | Reached skill level 7 in Ranged Weapons
  2722 | D:4      | Identified the staff of Harmony {rElec rPois rF- rC++ Int+2
                  | Air}
  2745 | D:4      | Reached XP level 7. HP: 43/43 MP: 7/7
  2787 | D:4      | Reached * piety under Okawaru
  2978 | D:4      | 2978 ||| DROPPING +0 ring mail.
  2979 | D:4      | 2979 ||| UPGRADING to +0 pair of boots.
  2984 | D:4      | 2984 ||| UPGRADING to +3 leather armour.
  2994 | D:4      | 2994 ||| READING scroll labelled VUMIJU UFRO.
  3025 | D:5      | Entered Level 5 of the Dungeon
  3056 | D:5      | Noticed Prince Ribbit
  3057 | D:5      | 3057 ||| INVOKING Heroism.
  3070 | D:5      | Killed Prince Ribbit
  3071 | D:5      | Reached skill level 8 in Ranged Weapons
  3096 | D:5      | Noticed a +0 hand axe
  3096 | D:5      | Noticed a +0 hand axe
  3102 | D:5      | Found a hide-covered altar of Uskayaw.
  3205 | D:5      | Reached skill level 1 in Invocations
  3253 | D:5      | Reached XP level 8. HP: 48/48 MP: 9/9
  3263 | D:5      | Found an ornate altar of the Wu Jian Council.
  3375 | D:5      | Found a sacrificial altar of Ru.
  3443 | D:5      | Found a sparkling altar of Nemelex Xobeh.
  3567 | D:5      | 3567 ||| READING 2 scrolls labelled FIDOHA UFAROM.
  3568 | D:5      | 3568 ||| READING 2 scrolls labelled HAMNOCKA AXTY.
  3569 | D:5      | 3569 ||| READING scroll of enchant armour.
  3569 | D:5      | 3569 ||| ENCHANTING +0 pair of boots.
  3570 | D:5      | 3570 ||| DROPPING scroll of vulnerability.
  3626 | D:6      | Reached skill level 3 in Invocations
  3692 | D:6      | 3692 ||| RETREEAATING.
  3706 | D:6      | Reached ** piety under Okawaru
  3717 | D:6      | 3717 ||| FLEEEEING.
  3718 | D:6      | 3718 ||| FLEEEEING.
  3719 | D:6      | 3719 ||| FLEEEEING.
  3731 | D:6      | Reached skill level 9 in Ranged Weapons
  3828 | D:6      | Reached skill level 6 in Fighting
  3844 | D:6      | HP: 12/51 [ogre/+0 giant spiked club (10)]
  3846 | D:6      | Noticed Menkaure
  3847 | D:6      | 3847 ||| FLEEEEING.
  3868 | D:6      | Killed Menkaure
  3869 | D:6      | Reached XP level 9. HP: 36/55 MP: 12/12
  3911 | D:6      | 3911 ||| DRINKING 2 puce potions.
  3938 | D:6      | 3938 ||| DROPPING potion of lignification.
  4016 | D:6      | Reached skill level 10 in Ranged Weapons
  4090 | D:6      | Reached *** piety under Okawaru
  4091 | D:6      | Reached skill level 3 in Dodging
  4130 | D:6      | 4130 ||| DROPPING ring of magical power.
  4131 | D:6      | 4131 ||| READING 2 scrolls of identify.
  4131 | D:6      | 4131 ||| IDENTIFYING murky inky potion
  4132 | D:6      | 4132 ||| DROPPING potion of degeneration.
  4373 | D:6      | 4373 ||| READING 3 scrolls labelled XASTRY LUUTSEL.
  4374 | D:6      | 4374 ||| DROPPING 2 scrolls of amnesia.
  4458 | D:7      | 4458 ||| SWAPPING to +0 orcbow.
  4465 | D:7      | 4465 ||| DROPPING +1 heavy shortbow.
  4515 | D:7      | 4515 ||| READING scroll of enchant armour.
  4515 | D:7      | 4515 ||| ENCHANTING +1 pair of boots.
  4521 | D:7      | 4521 ||| READING scroll of enchant weapon.
  4521 | D:7      | 4521 ||| ENCHANTING +0 orcbow.
  4671 | D:7      | Found a broken altar of Ashenzari.
  4744 | D:7      | Noticed a gargoyle
  4745 | D:7      | 4745 ||| INVOKING Heroism.
  4753 | D:7      | Killed a gargoyle
  4754 | D:7      | Reached skill level 11 in Ranged Weapons
  4778 | D:7      | Reached **** piety under Okawaru
  4903 | D:7      | 4903 ||| RETREEAATING.
  4944 | D:7      | Reached XP level 10. HP: 64/64 MP: 13/13
  5169 | D:7      | 5169 ||| UPGRADING to +1 cloak.
  5174 | D:7      | 5174 ||| DRINKING 2 metallic sapphire potions.
  5200 | D:8      | 5200 ||| READING 2 scrolls of brand weapon.
  5200 | D:8      | 5200 ||| BRANDING +1 orcbow.
  5201 | D:8      | 5201 ||| READING scroll of brand weapon.
  5201 | D:8      | 5201 ||| BRANDING +1 orcbow of draining.
  5216 | D:8      | Found a glowing silver altar of Zin.
  5259 | D:8      | 5259 ||| FLEEEEING.
  5261 | D:8      | 5261 ||| FLEEEEING.
  5263 | D:8      | 5263 ||| FLEEEEING.
  5264 | D:8      | 5264 ||| FLEEEEING.
  5309 | D:8      | 5309 ||| READING scroll of enchant weapon.
  5309 | D:8      | 5309 ||| ENCHANTING +1 orcbow of chaos.
  5310 | D:8      | Found Baceyff's Magic Scroll Shoppe.
  5321 | D:8      | 5321 ||| SHOPLISTING 2 scrolls of acquirement (1144 gold,
                  | have 439).
  5321 | D:8      | 5321 ||| BUYING scroll of enchant armour (82 gold).
  5321 | D:8      | Bought a scroll of enchant armour for 82 gold pieces
  5321 | D:8      | 5321 ||| BUYING scroll of enchant weapon (82 gold).
  5321 | D:8      | Bought a scroll of enchant weapon for 82 gold pieces
  5321 | D:8      | 5321 ||| BUYING scroll of identify (22 gold).
  5321 | D:8      | Bought a scroll of identify for 22 gold pieces
  5321 | D:8      | 5321 ||| BUYING scroll of identify (22 gold).
  5321 | D:8      | Bought a scroll of identify for 22 gold pieces
  5321 | D:8      | 5321 ||| BUYING scroll of identify (22 gold).
  5321 | D:8      | Bought a scroll of identify for 22 gold pieces
  5321 | D:8      | 5321 ||| BUYING scroll of identify (22 gold).
  5321 | D:8      | Bought a scroll of identify for 22 gold pieces
  5325 | D:8      | 5325 ||| READING scroll of enchant armour.
  5325 | D:8      | 5325 ||| ENCHANTING +1 cloak.
  5326 | D:8      | 5326 ||| READING scroll of enchant weapon.
  5326 | D:8      | 5326 ||| ENCHANTING +2 orcbow of chaos.
  5381 | D:8      | Reached skill level 6 in Invocations
  5594 | D:8      | Found a runed translucent door.
  5594 | D:8      | Noticed a sixfirhy
  5617 | D:8      | 5617 ||| RETREEAATING.
  5618 | D:8      | 5618 ||| STILL RETREEAATING.
  5619 | D:8      | 5619 ||| STILL RETREEAATING.
  5621 | D:8      | 5621 ||| Stepping ~*~*~tactically~*~*~ (retreating).
  5674 | D:8      | 5674 ||| INVOKING Heroism.
  5678 | D:8      | 5678 ||| Stepping ~*~*~tactically~*~*~ (retreating).
  5679 | D:8      | 5679 ||| Stepping ~*~*~tactically~*~*~ (retreating).
  5693 | D:8      | Reached ***** piety under Okawaru
  5700 | D:8      | Reached skill level 12 in Ranged Weapons
  5830 | D:8      | Noticed qwqw's ghost (novice DsBe)
  5830 | D:8      | Noticed a nine-headed hydra
  5831 | D:8      | Found a runed translucent gate.
  5831 | D:8      | Found a runed translucent gate.
  5831 | D:8      | Found a runed translucent gate.
  5839 | D:8      | 5839 ||| UPGRADING to +0 pair of gloves.
  5844 | D:8      | 5844 ||| DROPPING amulet of guardian spirit.
  5845 | D:8      | 5845 ||| READING 5 scrolls of identify.
  5845 | D:8      | 5845 ||| IDENTIFYING bubbling silvery potion
  5846 | D:8      | 5846 ||| READING 4 scrolls of identify.
  5846 | D:8      | 5846 ||| IDENTIFYING cyan potion
  5847 | D:8      | 5847 ||| READING 3 scrolls of identify.
  5847 | D:8      | 5847 ||| IDENTIFYING orange potion
  5848 | D:8      | 5848 ||| READING 2 scrolls of identify.
  5848 | D:8      | 5848 ||| IDENTIFYING fizzy dark potion
  5849 | D:8      | 5849 ||| DROPPING potion of invisibility.
  5875 | D:9      | 5875 ||| FLEEEEING.
  5876 | D:9      | 5876 ||| FLEEEEING.
  5878 | D:9      | 5878 ||| STAIRDANCE
  5924 | D:9      | 5924 ||| STAIRDANCE
  6023 | D:9      | Reached skill level 3 in Armour
  6033 | D:9      | Noticed a cyclops
  6034 | D:9      | 6034 ||| INVOKING Finesse.
  6047 | D:9      | Killed a cyclops
  6210 | D:9      | Reached XP level 11. HP: 68/68 MP: 17/17
  6210 | D:9      | 6210 ||| RETREEAATING.
  6214 | D:9      | 6214 ||| INVOKING Finesse.
  6237 | D:9      | Reached skill level 9 in Invocations
  6287 | D:9      | Found a glowing golden altar of the Shining One.
  6362 | D:9      | 6362 ||| FLEEEEING.
  6364 | D:9      | 6364 ||| FLEEEEING.
  6372 | D:9      | 6372 ||| FLEEEEING.
  6373 | D:9      | 6373 ||| FLEEEEING.
  6412 | D:9      | Found a burning altar of Makhleb.
  6414 | D:9      | Noticed a green death
  6794 | D:10     | Entered Level 10 of the Dungeon
  6810 | D:10     | Noticed a two-headed ogre
  6811 | D:10     | 6811 ||| INVOKING Finesse.
  6820 | D:10     | Killed a two-headed ogre
  6970 | D:10     | Noticed Erica
  6971 | D:10     | 6971 ||| RETREEAATING.
  6972 | D:10     | 6972 ||| STILL RETREEAATING.
  6973 | D:10     | 6973 ||| STILL RETREEAATING.
  6974 | D:10     | 6974 ||| STILL RETREEAATING.
  6976 | D:10     | 6976 ||| INVOKING Finesse.
  6982 | D:10     | Killed Erica
  6982 | D:10     | Received a gift from Okawaru
  7018 | D:10     | 7018 ||| RETREEAATING.
  7023 | D:10     | 7023 ||| Stepping ~*~*~tactically~*~*~ (retreating).
  7024 | D:10     | 7024 ||| Stepping ~*~*~tactically~*~*~ (retreating).
  7025 | D:10     | 7025 ||| Stepping ~*~*~tactically~*~*~ (retreating).
  7026 | D:10     | 7026 ||| Stepping ~*~*~tactically~*~*~ (retreating).
  7027 | D:10     | 7027 ||| Stepping ~*~*~tactically~*~*~ (retreating).
  7028 | D:10     | 7028 ||| Stepping ~*~*~tactically~*~*~ (retreating).
  7034 | D:10     | 7034 ||| INVOKING Finesse.
  7044 | D:10     | Reached skill level 13 in Ranged Weapons
  7129 | D:10     | Found a basalt altar of Yredelemnul.
  7167 | D:10     | Noticed Amaemon
  7168 | D:10     | 7168 ||| INVOKING Finesse.
  7180 | D:10     | 7180 ||| Stepping ~*~*~tactically~*~*~ (retreating).
  7181 | D:10     | 7181 ||| Stepping ~*~*~tactically~*~*~ (retreating).
  7182 | D:10     | 7182 ||| Stepping ~*~*~tactically~*~*~ (retreating).
  7193 | D:10     | Reached skill level 9 in Fighting
  7194 | D:10     | Killed Amaemon
  7236 | D:10     | 7236 ||| DRINKING potion of curing.
  7236 | D:10     | 7236 ||| (to cure confusion)
  7318 | D:10     | 7318 ||| INVOKING Finesse.
  7961 | D:10     | Noticed Harold
  7962 | D:10     | 7962 ||| INVOKING Finesse.
  7977 | D:10     | Killed Harold
  7978 | D:10     | Reached XP level 12. HP: 74/76 MP: 14/19
  8129 | D:10     | Received a gift from Okawaru
  8134 | D:10     | Reached skill level 14 in Ranged Weapons
  8134 | D:10     | Noticed Gastronok
  8135 | D:10     | 8135 ||| FLEEEEING.
  8139 | D:10     | 8139 ||| INVOKING Finesse.
  8154 | D:10     | Killed Gastronok
  8388 | D:10     | Found a shimmering blue altar of Sif Muna.
  8418 | D:10     | 8418 ||| UPGRADING to +1 hat.
  8423 | D:10     | 8423 ||| UPGRADING to +0 troll leather armour.
  8433 | D:10     | 8433 ||| DROPPING +3 leather armour.
  8434 | D:10     | 8434 ||| READING 3 scrolls of identify.
  8434 | D:10     | 8434 ||| IDENTIFYING fuming dark potion
  8495 | D:11     | Noticed a boulder beetle
  8496 | D:11     | Identified the +4 ring mail "Vamapno" {rElec Int+3 Slay+3}
  8498 | D:11     | 8498 ||| INVOKING Finesse.
  8512 | D:11     | a boulder beetle changed into a goliath frog
  8579 | D:11     | Noticed a fire dragon
  8594 | D:11     | 8594 ||| INVOKING Finesse.
  8697 | D:11     | 8697 ||| Stepping ~*~*~tactically~*~*~ (retreating).
  8823 | D:11     | 8823 ||| Stepping randomly (disturbance).
  8882 | D:11     | Found a staircase to the Orcish Mines.
  8965 | D:11     | Reached skill level 15 in Ranged Weapons
  9069 | D:11     | Noticed a boulder beetle
  9108 | D:11     | Found a staircase to the Lair.
  9226 | D:11     | Found a transporter.
  9226 | D:11     | Found a transporter.
  9268 | D:11     | Noticed a boulder beetle
  9269 | D:11     | 9269 ||| INVOKING Finesse.
  9277 | D:11     | a boulder beetle changed into a shapeshifter
  9289 | D:11     | 9289 ||| Stepping ~*~*~tactically~*~*~ (cloud).
  9398 | D:11     | 9398 ||| PLANNING LAIR
  9398 | D:11     | 9398 ||| DROPPING +0 robe of fire resistance.
  9399 | D:11     | 9399 ||| UPGRADING to +4 ring mail "Vamapno" {rElec Int+3
                  | Slay+3}.
  9409 | D:11     | 9409 ||| DROPPING +0 troll leather armour.
  9460 | Lair:1   | Entered Level 1 of the Lair of Beasts
 10164 | Lair:1   | 10164 ||| READING 4 scrolls of identify.
 10164 | Lair:1   | 10164 ||| IDENTIFYING viscous sapphire potion
 10165 | Lair:1   | 10165 ||| DROPPING potion of attraction.
 10200 | Lair:2   | Noticed a five-headed hydra
 10201 | Lair:2   | 10201 ||| INVOKING Finesse.
 10202 | Lair:2   | 10202 ||| STAIRDANCE
 10234 | Lair:2   | 10234 ||| STAIRDANCE
 10236 | Lair:1   | 10236 ||| INVOKING Heroism.
 10240 | Lair:1   | HP: 19/77 [five-headed hydra (9)]
 10241 | Lair:1   | 10241 ||| READING 2 scrolls of teleportation.
 10242 | Lair:1   | 10242 ||| DRINKING potion of heal wounds.
 10245 | Lair:1   | Killed a five-headed hydra
 10246 | Lair:1   | Reached skill level 6 in Armour
 10445 | Lair:2   | 10445 ||| SWAPPING to +0 arbalest.
 10446 | Lair:2   | 10446 ||| DROPPING +3 orcbow of chaos.
 10493 | Lair:2   | 10493 ||| RETREEAATING.
 10495 | Lair:2   | 10495 ||| STILL RETREEAATING.
 10504 | Lair:2   | 10504 ||| STILL RETREEAATING.
 10519 | Lair:2   | 10519 ||| READING scroll of enchant armour.
 10519 | Lair:2   | 10519 ||| ENCHANTING +0 pair of gloves.
 10836 | Lair:2   | 10836 ||| RETREEAATING.
 10838 | Lair:2   | Reached XP level 13. HP: 82/82 MP: 20/20
 11135 | Lair:2   | 11135 ||| DROPPING +2 cloak.
 11160 | Lair:3   | 11160 ||| RETREEAATING.
 11161 | Lair:3   | 11161 ||| STILL RETREEAATING.
 11162 | Lair:3   | 11162 ||| STILL RETREEAATING.
 11163 | Lair:3   | 11163 ||| STILL RETREEAATING.
 11164 | Lair:3   | 11164 ||| STILL RETREEAATING.
 11169 | Lair:3   | Reached skill level 16 in Ranged Weapons
 11177 | Lair:3   | Received a gift from Okawaru
 11181 | Lair:3   | 11181 ||| Stepping ~*~*~tactically~*~*~ (retreating).
 11183 | Lair:3   | 11183 ||| Stepping ~*~*~tactically~*~*~ (retreating).
 11389 | Lair:3   | 11389 ||| READING scroll of enchant weapon.
 11389 | Lair:3   | 11389 ||| ENCHANTING +0 arbalest.
 11437 | Lair:3   | Found a staircase to the Snake Pit.
 11465 | Lair:3   | Found a staircase to the Shoals.
 11708 | Lair:3   | Found a dark tunnel.
 11754 | Lair:3   | 11754 ||| DROPPING scarf of harm.
 11755 | Lair:3   | 11755 ||| READING scroll labelled HYESIC KO KUBBIN.
 11790 | Lair:4   | 11790 ||| PLANNING GAUNTLET
 11853 | Lair:4   | Found a gate leading to a gauntlet.
 11867 | Gauntlet | Entered a Gauntlet
 11867 | Gauntlet | Found a transporter.
 11867 | Gauntlet | Found a transporter.
 11867 | Gauntlet | Found a transporter.
 11871 | Gauntlet | Found a transporter.
 11872 | Gauntlet | Found a transporter.
 11883 | Gauntlet | Found a transporter.
 11885 | Gauntlet | Found a transporter.
 11888 | Gauntlet | Noticed a blizzard demon
 11895 | Gauntlet | Found a transporter.
 11985 | Gauntlet | Found a transporter.
 11985 | Gauntlet | Found the ring of the Hare {EV+10}
 11999 | Gauntlet | Found a transporter.
 11999 | Gauntlet | Found a transporter.
 12009 | Gauntlet | Found a transporter.
 12055 | Gauntlet | 12055 ||| Stepping randomly (stuck).
 12056 | Gauntlet | 12056 ||| Stepping randomly (stuck).
 12057 | Gauntlet | 12057 ||| Stepping randomly (stuck).
 12058 | Gauntlet | 12058 ||| Stepping randomly (stuck).
 12059 | Gauntlet | 12059 ||| Stepping randomly (stuck).
 12060 | Gauntlet | 12060 ||| Stepping randomly (stuck).
 12061 | Gauntlet | 12061 ||| Stepping randomly (stuck).
 12062 | Gauntlet | 12062 ||| Stepping randomly (stuck).
 12063 | Gauntlet | 12063 ||| Stepping randomly (stuck).
 12064 | Gauntlet | 12064 ||| Stepping randomly (stuck).
 12077 | Gauntlet | HP: 15/84 [acid dragon/splash of acid (30)]
 12080 | Gauntlet | Killed from afar by an acid dragon

Levels and vault maps discovered:
D:1:      moated_graveyard_arrival, layout_basic, st_stairs_12, minmay_3d_cube
D:2:      layout_loops_cross, serial_shops, nicolae_lakefront_shop, basic_altar,
          ebering_dispersal_statue_hall
D:3:      layout_basic, lemuel_coloured_pillars_altar, gup_sewer_entry_bowl
D:4:      layout_basic, minmay_temple_entry_statues_fountains,
          corexii_item_surrounded_by_moat
D:5:      layout_cave_pools, nicolae_overflow_hidden_temple,
          nicolae_ru_the_path_less_chosen, nemelex_spade_bored_becter,
          dancing_weapons_uskayaw, uniq_prince_ribbit1
D:6:      layout_basic, uniq_menkaure
D:7:      cheibrodos_two_vegetables, layout_basic,
          mainiacjoe_overflow_small_starburst, kennysheep_generic_room_6
D:8:      cheibrodos_shockbox, layout_loops_ring, kennysheep_little_box,
          gammafunk_ghost_hydra_chop, serial_shops, shop
D:9:      layout_roguey, tso_altar, makhleb_altar_promises_db, serial_bayou,
          serial_bayou_pond_b, serial_bayou_shore_a, serial_bayou_ford_a,
          serial_bayou_pond_b
D:10:     layout_roguey, kennysheep_orc_sif_temple, yredelemnul_altar_generic,
          uniq_gastronok, uniq_amaemon, uniq_erica, uniq_harold
D:11:     gammafunk_the_bubble [the_bubble_gammafunk_split],
          layout_loops_corners, lair_entry_dummy, orc_0_dummy
Temple:   jpeg_temple_clearing
Lair:1:   layout_regular_city
Lair:2:   layout_cave_pods, evilmike_ambush [evilmike_ambush_outer_basic,
          evilmike_ambush_inner_basic]
Lair:3:   layout_long_grid, shoals_dummy_entry, nicolae_snake_entry_squirm,
          nicolae_volcano_entry_s_turn
Lair:4:   layout_small_grid, gauntlet_entry_generic, lemuel_fruit_fields
Gauntlet: gammafunk_gauntlet_hard_choice [nicolae_gauntlet_arena_grate_2,
          gammafunk_gauntlet_arena_chambers,
          gammafunk_gauntlet_arena_arrow_garden, nicolae_gauntlet_arena_blocks,
          gammafunk_gauntlet_arena_mazey, gammafunk_gauntlet_arena_hedges,
          gauntlet_exit_hidden_loot]

Skill      XL: |  1  2  3  4  5  6  7  8  9 10 11 12 13 |
---------------+----------------------------------------+-----
Ranged Weapons | 5 6 7 8 9 11 12 13 15 16 | 16.0
Fighting       | 3 4 6 7 8 9 10 11 | 11.0
Armour         | 1 3 6 |  6.3
Dodging        | 2 3 4 5 |  5.0
Invocations    | 1 4 8 10 | 10.0
Stealth        | |  1.1

Action                     |  1- 3 |  4- 6 |  7- 9 | 10-12 | 13-15 || total
---------------------------+-------+-------+-------+-------+-------++-------
   Fire: Shortbow          |   104 |   135 |   176 |       |       ||   415
         Orcbow            |       |       |   107 |   695 |       ||   802
         Arbalest          |       |       |       |    40 |   104 ||   144
 Invoke: Heroism           |       |       |     2 |     2 |       ||     4
         Finesse           |       |       |       |    13 |       ||    13
    Use: Scroll            |     6 |     6 |     8 |    13 |     2 ||    35
         Potion            |     1 |     2 |     1 |     3 |       ||     7
 Armour: Leather armour    |    28 |       |    67 |   362 |       ||   457
         Ring mail         |       |    11 |       |    49 |    53 ||   113
         Robe              |       |    58 |       |       |       ||    58
         Troll leather arm |       |       |       |    36 |       ||    36
  Dodge: Dodged            |    21 |   124 |   101 |   608 |    69 ||   923

Table legend:
 A = Non-vault XP
 B = Vault XP
 C = Vault XP percentage of total XP
 D = Non-vault monster count
 E = Vault monster count
 F = Vault count percentage of total count
                 A         B        C        D         E       F
            +---------+---------+-------+---------+---------+-------
      Total |   28535 |    9496 |  25.0 |     278 |      46 |  14.2
            +---------+---------+-------+---------+---------+-------
        D:1 |      36 |      14 |  28.0 |      22 |       7 |  24.1
        D:2 |      28 |       0 |   0.0 |       8 |       0 |   0.0
        D:3 |      71 |      23 |  24.5 |      13 |       4 |  23.5
        D:4 |     599 |       0 |   0.0 |      28 |       0 |   0.0
        D:5 |     356 |     255 |  41.7 |      13 |       1 |   7.1
        D:6 |    1390 |     172 |  11.0 |      28 |       1 |   3.4
        D:7 |     985 |    1123 |  53.3 |      25 |      10 |  28.6
        D:8 |    2529 |       0 |   0.0 |      37 |       0 |   0.0
        D:9 |    2603 |     854 |  24.7 |      30 |       4 |  11.8
       D:10 |    5204 |    4606 |  47.0 |      23 |      10 |  30.3
       D:11 |    5350 |       0 |   0.0 |      16 |       0 |   0.0
     Lair:1 |    1177 |     869 |  42.5 |       5 |       1 |  16.7
     Lair:2 |    3616 |     934 |  20.5 |      14 |       4 |  22.2
     Lair:3 |    3583 |     489 |  12.0 |      12 |       3 |  20.0
     Lair:4 |    1008 |       0 |   0.0 |       4 |       0 |   0.0
   Gauntlet |       0 |     157 | 100.0 |       0 |       1 | 100.0
            +---------+---------+-------+---------+---------+-------
